 Dungeon Crawl Stone Soup version 0.31-a0-774-g0d66cbabe8 (webtiles) character file.

Game seed: 14332636094927727055

7742 Bnni the Geomancer (level 11, -3/75 (84) HPs)
             Began as a Formicid Earth Elementalist on Sept 16, 2023.
             Was an Elder of Cheibriados.
             Slain by Harold
             ... wielding a +0 halberd
              (11 damage)
             ... on level 11 of the Dungeon on Sept 17, 2023.
             The game lasted 00:27:48 (9748 turns).

Bnni the Geomancer (Formicid Earth Elementalist)    Turns: 9748, Time: 00:27:49

HP:   -3/75 (84)    AC: 17    Str: 22    XL:     11   Next: 42%
MP:   1/21          EV:  4    Int: 34    God:    Cheibriados [****..]
Gold: 504           SH:  0    Dex: 23    Spells: 12/24 levels left

rFire   . . .        i - +2 dagger (venom)
rCold   + . .        (no shield)
rNeg    . . .        g - +0 plate armour
rPois   .            (helmet unavailable)
rElec   .            p - +2 cloak
rCorr   .            q - +0 pair of gloves
SInv    +            (no boots)
Will    +....        a - amulet of the acrobat Stlth
                     C - ring of protection from cold
HPRegen 0.32/turn    y - +6 ring of intelligence
MPRegen 0.17/turn

%: acrobat
@: marked, very slightly contaminated, held, heavily drained, invisible, very
slow
A: permanent stasis, dig shafts and tunnels, antennae 3, four strong arms
a: Dig, Shaft Self, Renounce Religion, Bend Time, Temporal Distortion, Slouch


You were on level 11 of the Dungeon.
You worshipped Cheibriados.
Cheibriados was greatly pleased with you.
You visited 2 branches of the dungeon, and saw 12 of its levels.
You also visited: Ossuary.

You collected 504 gold pieces.

Inventory:

Hand Weapons
 i - a +2 dagger of venom (weapon)
 u - a +2 dagger of electrocution
Missiles
 r - 8 poisoned darts
 x - a throwing net
Armour
 g - a +0 plate armour (worn)
 p - a +2 cloak (worn)
 q - a +0 pair of gloves (worn)
 D - the +0 chain mail of Resonance {Dex+5}
   (You took it off a gnoll on level 6 of the Dungeon)

   Dex+5:     It affects your dexterity (+5).
 E - a +2 robe of resistance
Jewellery
 a - an amulet of the acrobat (around neck)
 y - a +6 ring of intelligence (right hand)
 C - a ring of protection from cold (left hand)
Wands
 n - a wand of iceblast (2)
 w - a wand of polymorph (15)
Scrolls
 d - a scroll of torment {unknown}
 h - 3 scrolls of poison {unknown}
 j - a scroll of enchant armour {unknown}
 k - 4 scrolls of fog {unknown}
 l - a scroll of butterflies {unknown}
 o - a scroll of vulnerability {unknown}
 s - 3 scrolls of amnesia {unknown}
 t - 3 scrolls of fear {unknown}
 B - 2 scrolls of blinking {unknown}
 F - a scroll of noise {unknown}
Potions
 b - 4 potions of magic
 c - 3 potions of lignification
 f - a potion of invisibility
 m - a potion of enlightenment {unknown}
 v - 4 potions of resistance
 z - 3 potions of mutation
 A - a potion of might {unknown}
 G - 2 potions of berserk rage {unknown}


   Skills:
 + Level 7.3 Fighting
 + Level 6.1 Armour
 - Level 1.7 Dodging
 - Level 2.4 Stealth
 + Level 7.1 Spellcasting
 - Level 3.0 Conjurations
 - Level 5.0 Necromancy
 - Level 3.0 Transmutations
 * Level 12.0 Earth Magic
 + Level 5.9 Invocations


You had 12 spell levels left.
You knew the following spells:

 Your Spells              Type           Power      Damage    Failure   Level
a - Sandblast             Erth           100%       2d20      1%          1
b - Passwall              Tmut/Erth      48%        N/A       4%          2
c - Stone Arrow           Conj/Erth      100%       3d13      9%          3
d - Petrify               Tmut/Erth      58%        N/A       30%         4
s - Sublimation of Blood  Necr           46%        N/A       13%         2

Your spell library contained the following spells:

 Spells                   Type           Power      Damage    Failure   Level
 Necrotise                Necr           100%       1d9       9%          1
 Wereblood                Tmut           32%        N/A       28%         2
 Foxfire                  Conj/Fire      88%        2x1d8     34%         1
 Apportation              Tloc           24%        N/A       54%         1
 Summon Small Mammal      Summ           48%        N/A       54%         1
 Ensorcelled Hibernation  Hex/Ice        24%        N/A       69%         2
 Inner Flame              Hex/Fire       12%        N/A       89%         3
 Yara's Violent Unravell  Hex/Tmut       11%        3d6       100%        5
 Plasma Beam              Fire/Air       6%         2x1d16    100%        6
 Starburst                Conj/Fire      11%        6d5       100%        6
 Enfeeble                 Hex            6%         N/A       100%        7
 Summon Hydra             Summ           6%         N/A       100%        7
 Swiftness                Air            Unusable   N/A       N/A         3

Dungeon Overview and Level Annotations

Branches:
Dungeon (11/15)            Temple (1/1) D:6            Lair (0/5) D:9
Ossuary (visited)
    Orc: D:9-12

Altars:
Ashenzari
Cheibriados
Dithmenos
Elyvilon
Fedhas
Gozag
Hepliaklqana
Kikubaaqudgha
Makhleb
Nemelex Xobeh
Okawaru
Qazlal
Ru
Sif Muna
Trog
Uskayaw
Vehumet
Wu Jian
Xom
Yredelemnul
Zin
The Shining One

Annotations:
D:9 2 transporters, Talonman3's ghost, novice TrSh
D:10 Nergalle
D:11 Harold


Innate Abilities, Weirdness & Mutations

You cannot be hasted, slowed, berserked, paralysed or teleported.
You can dig through walls and to a lower floor.
You have a pair of large antennae on your head. (SInv)
Your four strong arms can wield two-handed weapons with a shield.


Message History

Press: ? - help, Shift-Dir - straight line, f/p - Harold
Aim: Harold, wielding a +0 halberd, wearing a +0 scale mail and quivering 2 throwing nets (moderately wounded, unable to see you, poisoned)
The mass of ice explodes!
The iceblast engulfs Harold!
Harold is moderately wounded.
Unknown command.
Aiming: Iceblast
Press: ? - help, Shift-Dir - straight line, f/p - Harold
Aim: Harold, wielding a +0 halberd, wearing a +0 scale mail and quivering 2 throwing nets (moderately wounded, unable to see you, poisoned)
The mass of ice explodes!
The iceblast engulfs Harold!
Harold is heavily wounded.
Harold throws a throwing net.
The throwing net hits you.
You become entangled in the net!
Unknown command.
You feel better. Harold casts a spell at you. The mark upon you grows brighter.
You tear a large gash into the net.
Harold hits you from afar with a +0 halberd!
* * * LOW HITPOINT WARNING * * *
Okay, then.
You struggle against the net.
An orc comes into view. It is wielding a +0 dagger.
Harold barely misses you.
You struggle against the net.
Harold hits you from afar with a +0 halberd!
* * * LOW HITPOINT WARNING * * *
Okay, then.
You feel better.
Harold looks more healthy.
The orc hits you but does no damage.
Harold hits you from afar with a +0 halberd.
* * * LOW HITPOINT WARNING * * *
Aiming: Sandblast (safe; 1% risk of failure)
Press: ? - help, Q - select action, (/) - cycle Shift-Dir - straight line, f/p - Harold
Aim: Harold, wielding a +0 halberd, wearing a +0 scale mail and quivering a throwing net (heavily wounded, unable to see you, 91% to hit)
The blast of sand hits Harold!!
Harold is severely wounded.
The orc hits you but does no damage.
Harold hits you from afar with a +0 halberd!
You die...
Harold sighs, "Finally, I can get that nice plot of land and settle down."

..... .....
####.....
.......# #
,#(.....# #.#
#@.....# #...
#).....+ #....
#@)....#
..o...#o)....#
ooo.{))<.....#
o.o###'#######
(. ... ...
#...


You could see Harold (unable to see you) and an orc (unable to see you).

Vanquished Creatures
  A two-headed ogre (D:8)
  Pikel (D:7)
  Joseph (D:8)
  A wraith (D:10)
  4 yaks
  A basilisk (D:9)
  A steam dragon (D:8)
  2 wyverns (D:9)
  Menkaure (Ossuary)
  4 water moccasins
  3 acid dragons
  9 orc warriors
  2 sky beasts
  A black bear (D:9)
  An ice beast (D:6)
  4 ogres
  A centaur (D:9)
  3 lemures (D:7)
  6 bullfrogs
  A kobold brigand (D:9)
  4 scorpions
  7 wights
  5 killer bees (D:9)
  A howler monkey (D:9)
  5 hounds
  A jelly (D:4)
  6 orc priests
  3 gnoll boudas
  4 sleepcaps
  Jessica (D:3)
  An iguana (D:7)
  8 orc wizards
  4 mummies
  13 gnolls
  8 adders
  2 white imps
  An ufetubus (D:6)
  6 dart slugs
  60 orcs
  6 ball pythons
  4 bats
  2 bat zombies (D:5)
  6 endoplasms
  2 giant cockroaches
  8 goblins
  10 hobgoblins
  5 jackals
  5 quokkas
  4 frilled lizards (D:1)
  3 gnoll skeletons (Ossuary)
  3 gnoll zombies (Ossuary)
  6 goblin skeletons (Ossuary)
  6 goblin zombies
  6 hobgoblin skeletons (Ossuary)
  5 hobgoblin zombies (Ossuary)
  6 kobolds
  A kobold skeleton (Ossuary)
  3 kobold zombies
  4 orc skeletons (Ossuary)
  5 orc zombies (Ossuary)
  7 rats
  5 rat skeletons (Ossuary)
  6 rat zombies
306 creatures vanquished.

Notes
Turn   | Place    | Note
-------+----------+-------------------------------------------
     0 | D:1      | Bnni the Formicid Earth Elementalist began the quest for
                  | the Orb.
     0 | D:1      | Reached XP level 1. HP: 13/13 MP: 3/3
   111 | D:1      | Reached XP level 2. HP: 13/19 MP: 1/5
   178 | D:1      | Upgraded the game from 0.31-a0-765-g67fe2935dc to
                  | 0.31-a0-774-g0d66cbabe8
   267 | D:1      | Reached skill level 4 in Earth Magic
   305 | D:1      | Reached XP level 3. HP: 25/25 MP: 4/6
   500 | D:1      | Learned a level 2 spell: Passwall
   560 | D:1      | Reached skill level 1 in Conjurations
  1102 | D:2      | Found a basalt altar of Yredelemnul.
  1209 | D:2      | Found a faded altar of an unknown god.
  1390 | D:2      | Reached XP level 4. HP: 31/31 MP: 5/7
  1394 | D:2      | Learned a level 3 spell: Stone Arrow
  1419 | D:2      | Identified the +4 mace of Uncomfortable Rashes {heavy,
                  | Will+ Int-4 SInv}
  1697 | D:2      | Reached skill level 1 in Fighting
  2232 | D:3      | Reached XP level 5. HP: 24/37 MP: 2/8
  2466 | D:3      | Noticed Jessica
  2470 | D:3      | Killed Jessica
  2897 | D:4      | Reached XP level 6. HP: 44/44 MP: 5/10
  2903 | D:4      | Reached skill level 5 in Earth Magic
  2908 | D:4      | Learned a level 4 spell: Petrify
  3000 | D:4      | Noticed an ogre
  3004 | D:4      | Killed an ogre
  3037 | D:4      | Reached XP level 7. HP: 49/50 MP: 8/12
  3204 | D:4      | Reached skill level 6 in Earth Magic
  3278 | D:4      | Learned a level 2 spell: Sublimation of Blood
  3598 | D:5      | Entered Level 5 of the Dungeon
  3802 | D:5      | Reached skill level 1 in Necromancy
  3939 | D:5      | Reached XP level 8. HP: 58/58 MP: 11/14
  3986 | D:5      | Reached skill level 7 in Earth Magic
  4139 | D:5      | Found an ancient bone altar of Kikubaaqudgha.
  4584 | D:6      | Found a staircase to the Ecumenical Temple.
  4598 | Temple   | Entered the Ecumenical Temple
  4608 | Temple   | Became a worshipper of Cheibriados the Contemplative
  4643 | D:6      | Reached skill level 1 in Armour
  4961 | D:6      | Reached skill level 8 in Earth Magic
  4961 | D:6      | Reached XP level 9. HP: 57/65 MP: 11/16
  5256 | D:6      | Identified the +0 chain mail of Resonance {Dex+5}
  5260 | D:6      | Reached * piety under Cheibriados
  5419 | D:7      | Reached skill level 5 in Spellcasting
  5425 | D:7      | Reached skill level 1 in Invocations
  5608 | D:7      | Reached skill level 9 in Earth Magic
  5612 | D:7      | Reached skill level 5 in Fighting
  5734 | D:7      | Noticed Pikel
  5753 | D:7      | Killed Pikel
  5959 | D:7      | Reached XP level 10. HP: 74/74 MP: 15/18
  6504 | D:8      | Noticed a two-headed ogre
  6516 | D:8      | Killed a two-headed ogre
  6517 | D:8      | Reached skill level 10 in Earth Magic
  6559 | D:8      | Reached ** piety under Cheibriados
  6670 | D:8      | Found a sand-covered staircase.
  6689 | Ossuary  | Entered an ossuary
  7104 | Ossuary  | Noticed Menkaure
  7154 | Ossuary  | Killed Menkaure
  7429 | D:8      | Noticed Joseph
  7441 | D:8      | Killed Joseph
  7442 | D:8      | Reached skill level 5 in Armour
  7442 | D:8      | Reached skill level 5 in Necromancy
  7444 | D:8      | Identified the +6 orcbow "Jiati" {heavy, +Blink Int-5 Dex+6
                  | SInv}
  7667 | D:8      | Reached skill level 11 in Earth Magic
  8061 | D:9      | Found a staircase to the Lair.
  8065 | D:9      | Reached XP level 11. HP: 75/83 MP: 16/20
  8067 | D:9      | Reached skill level 5 in Invocations
  8287 | D:9      | Reached *** piety under Cheibriados
  8288 | D:9      | Found a transporter.
  8349 | D:9      | Noticed Talonman3's ghost (novice TrSh)
  8406 | D:9      | Found a hazy altar of Hepliaklqana.
  8774 | D:9      | Found a glowing silver altar of Zin.
  8775 | D:9      | Found an opulent altar of Gozag.
  8776 | D:9      | Found a burning altar of Makhleb.
  8777 | D:9      | Found a basalt altar of Yredelemnul.
  8839 | D:9      | Found a transporter.
  8983 | D:10     | Entered Level 10 of the Dungeon
  9135 | D:10     | Reached **** piety under Cheibriados
  9441 | D:10     | Noticed Nergalle
  9648 | D:10     | Noticed a centaur warrior
  9657 | D:10     | Noticed a tengu warrior
  9657 | D:10     | Noticed an ogre mage
  9669 | D:10     | Noticed a centaur warrior
  9726 | D:11     | Noticed Harold
  9729 | D:11     | Reached skill level 12 in Earth Magic
  9746 | D:11     | HP: 3/75 [Harold/+0 halberd (15)]
  9748 | D:11     | Slain by Harold

Illustrated notes

Levels and vault maps discovered:
D:1:      matt_arrival_diagonals, layout_loops_ring
D:2:      layout_basic, basic_ecumenical_altar, basic_altar,
          guppyfry_early_lair_pool
D:3:      layout_loops_ring, kennysheep_jessica_study
D:4:      layout_rooms
D:5:      layout_loops_ring, lemuel_zombie_altar_kikubaaqudgha
D:6:      layout_basic, minmay_temple_entry_offerings
D:7:      layout_cave_pods, uniq_pikel
D:8:      layout_cave_pools, nicolae_ossuary_entry_giza,
          chequers_serial_rivers_room_b, uniq_joseph
D:9:      layout_loops_cross, lemuel_crystal_altar, minitemple,
          david_lair_generic, gammafunk_ghost_stat_death,
          dreamdust_princess_bridge
D:10:     layout_basic, special_room [special_room_orc], serial_park_tiny_pond,
          minmay_fractal_squares_gapless_7, uniq_nergalle
D:11:     layout_stronghold, hiddenorc1_lemuel, nicolae_dithmenos_the_darkroom,
          uniq_snorg, uniq_harold, uniq_maurice
Temple:   regret_index_temple_sphere_string

Skill      XL: |  1  2  3  4  5  6  7  8  9 10 11 |
---------------+----------------------------------+-----
Earth Magic    | 4 5 6 8 9 11 12 | 12.0
Conjurations   | 1 2 3 |  3.0
Transmutations | 2 3 |  3.0
Fighting       | 1 2 3 4 5 6 7 |  7.3
Spellcasting   | 3 4 5 6 7 |  7.1
Necromancy     | 1 2 4 5 |  5.0
Armour         | 2 3 5 6 |  6.1
Invocations    | 2 4 5 |  5.9
Dodging        | |  1.7
Stealth        | |  2.4

Action                     |  1- 3 |  4- 6 |  7- 9 | 10-12 || total
---------------------------+-------+-------+-------+-------++-------
  Melee: Whip              |    15 |       |       |   132 ||   147
         Quarterstaff      |       |       |       |     4 ||     4
         Punch             |       |       |       |     2 ||     2
         Dagger            |       |       |       |    39 ||    39
  Throw: Dart              |       |       |    12 |    33 ||    45
         Throwing net      |       |       |     1 |     4 ||     5
   Cast: Sandblast         |    38 |    60 |   146 |   199 ||   443
         Petrify           |       |       |       |     1 ||     1
 Invoke: Slouch            |       |       |       |     1 ||     1
Ability: Dig               |       |       |     1 |     1 ||     2
  Evoke: Wand              |       |       |     1 |    13 ||    14
    Use: Scroll            |       |       |     1 |     6 ||     7
         Potion            |       |       |       |     3 ||     3
   Stab: Sleeping          |     2 |       |       |       ||     2
         Distracted        |       |       |       |     1 ||     1
 Armour: Robe              |    12 |    20 |    12 |    75 ||   119
         Leather armour    |       |       |    49 |       ||    49
         Plate armour      |       |       |       |   128 ||   128
  Dodge: Dodged            |    19 |    17 |    63 |   156 ||   255

Table legend: (Time is in decaauts)
 A = Elapsed time spent in this place.
 B = Non-inter-level travel time spent in this place.
 C = Inter-level travel time spent in this place.
 D = Time resting spent in this place.
 E = Time spent auto-exploring this place.
 F = Levels seen in this place.
 G = Mean time per level.
                   A        B        C        D        E       F      G
               +--------+--------+--------+--------+--------+-----+--------+
         Total |  11283 |  10943 |    340 |   1480 |   7050 |  13 |  867.9 |
       Dungeon |  10544 |  10216 |    328 |   1319 |   6876 |  11 |  958.5 |
        Temple |     23 |     12 |     11 |      0 |      0 |   1 |   23.0 |
       Ossuary |    715 |    715 |      0 |    160 |    173 |   1 |  715.0 |
               +--------+--------+--------+--------+--------+-----+--------+

Top non-repeatable levels by time:
     D:9: 1549 daAuts
     D:7: 1387 daAuts
     D:6: 1179 daAuts
     D:8: 1129 daAuts
     D:1: 1015 daAuts
     D:3: 939 daAuts
     D:2: 903 daAuts
     D:5: 805 daAuts
     D:4: 803 daAuts
    D:10: 775 daAuts
 Ossuary: 715 daAuts
    D:11: 56 daAuts
  Temple: 23 daAuts
